 Dungeon Crawl Stone Soup version 0.21-a0-143-g1ab7d47 (webtiles) character file.

93 KristoblXynda the Slasher (level 4, -1/34 HPs)
             Began as a Vampire Berserker on July 25, 2017.
             Was a Believer of Trog.
             Slain by a gnoll
             ... wielding a +0 club
              (2 damage)
             ... on level 1 of the Dungeon.
             The game lasted 00:02:40 (946 turns).

KristoblXynda the Slasher (Vampire Berserker)        Turns: 946, Time: 00:02:40

Health: -1/34      AC:  3    Str: 16    XL:     4   Next: 37%
Magic:  4/4        EV: 12    Int: 14    God:    Trog [**....]
Gold:   81         SH:  0    Dex: 13    Spells: 3/3 levels left

rFire    . . .     SeeInvis +   a - +0 falchion
rCold    + . .     Gourm    .   (no shield)
rNeg     + + .     Faith    .   b - +0 animal skin
rPois    +         Spirit   .   (no helmet)
rElec    .         Reflect  .   (no cloak)
rCorr    .         Harm     .   l - +0 pair of gloves
MR       .....                  (no boots)
Stlth    +++.......             (no amulet)
HPRegen  0.05/turn              f - -2 ring of intelligence (curse)
MPRegen  0.09/turn              i - +6 ring of intelligence

@: berserk cooldown, regenerating slowly, slowed, very slow
A: fangs 3, see invisible, unbreathing
a: Bat Form, Berserk, Trog's Hand, Burn Spellbooks, Renounce Religion


You were on level 1 of the Dungeon.
You worshipped Trog.
Trog was pleased with you.
You were thirsty.

You visited 1 branch of the dungeon, and saw 2 of its levels.

You collected 81 gold pieces.

Inventory:

Hand Weapons
 a - a +0 falchion (weapon)
Armour
 b - a +0 animal skin (worn)
 k - a +0 shield
 l - a +0 pair of gloves (worn)
Jewellery
 f - a cursed -2 ring of intelligence (left hand)
 i - a +6 ring of intelligence (right hand)
Scrolls
 e - a scroll of enchant armour {unknown}
 g - a scroll of fog {unknown}
 h - a scroll of identify {unknown}
Potions
 c - 6 potions of blood
 d - a potion of curing {unknown}
 j - a potion of heal wounds {unknown}


   Skills:
 - Level 2.6 Fighting
 + Level 4.0 Long Blades
 + Level 2.2 Armour
 - Level 2.1 Dodging
 + Level 3.7 Stealth


You had 3 spell levels left.
You didn't know any spells.

Dungeon Overview and Level Annotations

Branches:
Dungeon (2/15)

Altars:

Annotations:
D:2 Natasha, Sigmund


Innate Abilities, Weirdness & Mutations

You heal slowly.
You have razor-sharp teeth.
You have supernaturally acute eyesight. (SInv)
You can survive without breathing.


Message History

There is a stone staircase leading down here.
You hit the gnoll.
The gnoll is moderately wounded.
The gnoll closely misses you. x2; You riposte.
You hit the gnoll.
The gnoll is heavily wounded.
You barely miss the gnoll.
The gnoll is heavily wounded.
The gnoll closely misses you.
You barely miss the gnoll.
The gnoll is heavily wounded.
The gnoll closely misses you. The gnoll hits you with a club!
* * * LOW HITPOINT WARNING * * *
You hit the gnoll.
The gnoll is almost dead.
The gnoll closely misses you.
Unknown command.
You hit the gnoll but do no damage.
The gnoll is almost dead.
The gnoll hits you with a club.
You die...

#.......##.######.#
#...............#.#
#####.#..)........#
#.##...####.###
#.##....# #.#
#.###...###.# #.#
#.......# #.#
#..########## #.#
#.@..%......# #.#
#g#########.# #.#
#.# #.# #.###.# #.#
#.....# #.#
########### #.#
#.....# #.#
########### #.###.#
#.# ..........# #.#
#.# #.#


You could see a gnoll.

Vanquished Creatures
  Natasha (D:2)
  3 gnolls (D:2)
  An adder (D:2)
  A leopard gecko (D:2)
  6 goblins (D:1)
  3 hobgoblins
  4 jackals (D:1)
  A kobold (D:1)
  2 quokkas (D:2)
  2 bats (D:1)
  2 frilled lizards (D:1)
  4 rats (D:1)
30 creatures vanquished.

Notes
Turn   | Place    | Note
-------+----------+-------------------------------------------
     0 | D:1      | KristoblXynda the Vampire Berserker began the quest for the Orb.
     0 | D:1      | Reached XP level 1. HP: 17/17 MP: 1/1
   122 | D:1      | Reached skill level 1 in Stealth
   122 | D:1      | Reached XP level 2. HP: 20/23 MP: 2/2
   814 | D:2      | Noticed Natasha
   830 | D:2      | Killed Natasha
   830 | D:2      | Reached ** piety under Trog
   830 | D:2      | Reached XP level 3. HP: 8/28 MP: 3/3
   834 | D:2      | HP: 1/42 [adder (2)]
   878 | D:2      | Noticed Natasha
   915 | D:2      | Reached XP level 4. HP: 15/34 MP: 4/4
   919 | D:2      | Reached skill level 4 in Long Blades
   933 | D:2      | Noticed Sigmund
   944 | D:1      | HP: 1/34 [gnoll/club (7)]
   946 | D:1      | Slain by a gnoll

Vault maps used:
D:1:      minmay_arrival_semitransparent
D:2:      minmay_kobold_bridge, first_bread, minmay_misc_feat_diagonals,
          minmay_splitting_lines, uniq_natasha, uniq_sigmund

Skill      XL: |  1  2  3  4 |
---------------+-------------+-----
Stealth        | 1 3 |  3.7
Armour         | 2 |  2.2
Long Blades    | 4 |  4.0
Fighting       | |  2.6
Dodging        | |  2.1

Action                   |  1- 3 |  4- 6 || total
-------------------------+-------+-------++-------
Melee: Falchion          |    76 |    10 ||    86
       Bite              |    11 |     2 ||    13
Invok: Berserk           |     1 |     1 ||     2
       Trog's Hand       |     1 |       ||     1
  Use: Scroll            |     2 |       ||     2
       Potion            |     1 |       ||     1
 Stab: Sleeping          |     7 |       ||     7
Armor: Animal skin       |    23 |     1 ||    24
Dodge: Dodged            |    58 |    10 ||    68
       Rpst.: Falchion   |    26 |     2 ||    28
